 Dungeon Crawl Stone Soup version 0.31-a0-750-gfe7b580527 (webtiles) character file.

Game seed: 12473078184758852160

74 DocEon the Ruffian (level 4, -11/29 HPs)
             Began as a Gargoyle Monk on Sept 14, 2023.
             Killed by divine providence
             ... invoked by an orc priest
              (14 damage)
             ... on level 3 of the Dungeon on Sept 15, 2023.
             The game lasted 00:03:43 (1583 turns).

DocEon the Ruffian (Gargoyle Monk)                  Turns: 1583, Time: 00:03:43

Health: -11/29     AC:  6    Str: 16    XL:     4   Next: 30%
Magic:  4/4        EV: 13    Int: 11    God:
Gold:   76         SH:  0    Dex: 18    Spells: 3/3 levels left

rFire   . .          .
                       - Unarmed
rCold   . . .        c - orb {light}
rNeg    + . .        a - +0 robe
rPois   ∞            i - +0 helmet
rElec   +            (no cloak)
rCorr   .            (no gloves)
SInv    .            (no boots)
Will    .....        (no amulet)
Stlth   +            q - +6 ring of dexterity
HPRegen 0.24/turn    (no ring)
MPRegen 0.09/turn

%: no passive effects
@: glowing
A: sickness immunity, AC +3, negative energy resistance 1, electricity
resistance, torment resistance 1, petrification resistance
a: no special abilities


You were on level 3 of the Dungeon.
You visited 1 branch of the dungeon, and saw 4 of its levels.

You collected 76 gold pieces.

Inventory:

Armour
 a - a +0 robe (worn)
 c - an orb of light (worn)
 i - a +0 helmet (worn)
Jewellery
 o - a ring of ice
 q - a +6 ring of dexterity (left hand)
Wands
 l - a wand of flame (20)
 m - a wand of mindburst (9)
Scrolls
 d - a scroll of teleportation {unknown}
 e - 4 scrolls of identify {unknown}
 f - a scroll of vulnerability {unknown}
 g - 2 scrolls of silence {unknown}
Potions
 b - a potion of ambrosia
 h - a potion of cancellation {unknown}
 j - a potion of invisibility {unknown}
 k - 3 potions of heal wounds {unknown}
 n - a potion of mutation {unknown}
 p - a potion of curing {unknown}


   Skills:
 + Level 4.0 Fighting
 + Level 1.7 Armour
 + Level 2.4 Dodging
 * Level 4.1 Unarmed Combat


You had 3 spell levels left.
You didn't know any spells.
Your spell library contained the following spells:

 Spells                   Type           Power      Damage    Failure   Level
 Poisonous Vapours        Pois/Air       0%         N/A       47%         2
 Dazzling Flash           Conj/Hex       0%         N/A       71%         3
 Mephitic Cloud           Conj/Pois/Air  0%         N/A       71%         3
 Volatile Blastmotes      Fire/Tloc      0%         2d10      71%         3
 Freezing Cloud           Conj/Ice/Air   0%         6-21      100%        5
 Starburst                Conj/Fire      0%         6d3       100%        6
 Maxwell's Capacitive Co  Air            0%         ∞         100%        8


Dungeon Overview and Level Annotations

Branches:
Dungeon (4/15)
 Temple: D:4-7

Altars:
Dithmenos
Qazlal


Innate Abilities, Weirdness & Mutations

You are immune to sickness and miasma.
Your stone body is resilient. (AC +3)
You are immune to poison.
You resist negative energy. (rN+)
You are resistant to electric shocks. (rElec)
You are resistant to unholy torment.
You are immune to petrification.


Message History

You hit the frilled lizard.
You kill the frilled lizard!
No target in view!
No target in view!
No target in view!
A rat comes into view.
A rat is nearby!
The rat bites you but does no damage.
You hit the rat.
You kill the rat!
No target in view!
You see here a rat corpse.
Things that are here:
a +0 club; a goblin skeleton A ball python comes into view.
The orc priest shouts!
You hear a shout!
The ball python hisses angrily.
There are monsters nearby!
The orc shouts!
You hit the orc priest.
The orc priest is lightly wounded.
The orc priest hits you with a +0 flail!
You hit the orc priest.
The orc priest is moderately wounded.
You hit the orc.
The orc is moderately wounded.
The ball python misses you. The ball python grabs you.
The ball python constricts you.
You completely miss the orc.
The orc is moderately wounded.
The ball python closely misses you. The ball python constricts you.
The orc hits you with a +0 flail.
The orc priest mumbles some strange prayers to Beogh against you.
Beogh smites you!
* * * LOW HITPOINT WARNING * * *
The ball python barely misses you. The ball python constricts you.
You escape the ball python's grasp.
The orc priest calls down the wrath of Beogh upon you.
Beogh smites you!
You die...

#...... #.#.# ##...#.#.#.#
#...... #.#.# #.#...#.#.#
....... #.#.# #.#.#.#.#.#
....... #.#.#####.#.###.#.#
....... #.#.......#.....#..
.......###.#################
............)...............
..#..........###############
#...>..S.@.#
#........o.##########
#........o.##.......#
##########oo..o.<...#
#.##o......# #.#.†..o...#
#.#........# #.##.o....>#
#.......[..#


You could see an orc priest, 3 orcs and a ball python.

Vanquished Creatures
  4 adders
  A dart slug (D:3)
  An orc (D:4)
  2 ball pythons
  2 endoplasms
  2 giant cockroaches (D:1)
  3 goblins (D:3)
  2 hobgoblins
  6 kobolds
  2 quokkas (D:2)
  A bat (D:1)
  4 frilled lizards
  8 rats
38 creatures vanquished.

Notes
Turn   | Place    | Note
-------+----------+-------------------------------------------
     0 | D:1      | DocEon the Gargoyle Monk began the quest for the Orb.
     0 | D:1      | Reached XP level 1. HP: 14/14 MP: 1/1
   195 | D:1      | Reached XP level 2. HP: 19/19 MP: 2/2
   904 | D:2      | Reached skill level 1 in Armour
   909 | D:2      | Reached XP level 3. HP: 21/23 MP: 3/3
  1044 | D:2      | You fall into a shaft and drop 2 floors!
  1083 | D:3      | Noticed a water elemental
  1084 | D:3      | Found a stormy altar of Qazlal.
  1093 | D:3      | Noticed an earth elemental
  1093 | D:3      | Noticed a fire elemental
  1093 | D:3      | Noticed an air elemental
  1243 | D:3      | Reached XP level 4. HP: 29/29 MP: 4/4
  1291 | D:3      | HP: 1/29 [orc priest/divine providence (8)]
  1471 | D:3      | Found a shadowy altar of Dithmenos.
  1583 | D:3      | Killed from afar by an orc priest

Illustrated notes

Levels and vault maps discovered:
D:1:      dpeg_arrival_prison, layout_rooms, minmay_crystal_water,
          amcnicky_mini_pool_small, kennysheep_another_room
D:2:      layout_basic, minmay_misc_feat_room
D:3:      layout_basic, nicolae_dithmenos_through_a_glass_darkly,
          nicolae_qazlal_style_of_elements, minmay_misc_feat_chi
D:4:      layout_loops_ring, nzn_wu_jian_council_hall, hangedman_glass_garden

Skill      XL: |  1  2  3  4 |
---------------+-------------+-----
Armour         | 1 |  1.7
Unarmed Combat | 4 |  4.1
Fighting       | 4 |  4.0
Dodging        | |  2.4

Action                     |  1- 3 |  4- 6 || total
---------------------------+-------+-------++-------
  Melee: Unarmed           |    85 |    19 ||   104
 Armour: Robe              |    41 |    12 ||    53
  Dodge: Dodged            |    34 |    18 ||    52

Table legend: (Time is in decaauts)
 A = Elapsed time spent in this place.
 B = Non-inter-level travel time spent in this place.
 C = Inter-level travel time spent in this place.
 D = Time resting spent in this place.
 E = Time spent auto-exploring this place.
 F = Levels seen in this place.
 G = Mean time per level.
                   A        B        C        D        E       F      G
               +--------+--------+--------+--------+--------+-----+--------+
         Total |   1576 |   1463 |    113 |    106 |   1067 |   4 |  394.0 |
       Dungeon |   1576 |   1463 |    113 |    106 |   1067 |   4 |  394.0 |
               +--------+--------+--------+--------+--------+-----+--------+

Top non-repeatable levels by time:
     D:1: 603 daAuts
     D:2: 573 daAuts
     D:3: 386 daAuts
     D:4: 13 daAuts
